 Dungeon Crawl Stone Soup version 0.32-a0-485-g70f7560b1c (webtiles) character file.

Game seed: 9390830169266801979

152 Gryn the Vexing (level 5, -5/41 HPs)
             Began as a Gnoll Hexslinger on Feb 26, 2024.
             Slain by Sigmund
             ... wielding a +0 scythe
              (10 damage)
             ... on level 3 of the Dungeon.
             The game lasted 00:05:09 (1753 turns).

Gryn the Vexing (Gnoll Hexslinger)                  Turns: 1753, Time: 00:05:09

Health: -5/41      AC:  3    Str:  7    XL:     5   Next: 34%
Magic:  9/9        EV: 14    Int: 16    God:
Gold:   103        SH:  0    Dex: 15    Spells: 8/10 levels left

rFire   + . .        a - +1 sling
rCold   . . .        (no shield)
rNeg    . . .        c - +0 robe
rPois   +            (no helmet)
rElec   .            (no cloak)
rCorr   .            h - +0 pair of gloves
SInv    .            (no boots)
Will    .....        (no amulet)
Stlth   +            e - ring of willpower
HPRegen 0.26/turn    f - ring of protection from fire
MPRegen 0.11/turn

%: no passive effects
@: confused, mighty, weak-willed, attractive
A: fangs 1, strong nose, distributed training, clever 1, poison resistance,
subdued magic 1
a: no special abilities


You were on level 3 of the Dungeon.
You visited 1 branch of the dungeon, and saw 3 of its levels.

You collected 103 gold pieces.

Inventory:

Hand Weapons
 a - a +1 sling (weapon)
Missiles
 l - 6 poisoned darts
Armour
 c - a +0 robe (worn)
 h - a +0 pair of gloves (worn)
Jewellery
 e - a ring of willpower (left hand)
 f - a ring of protection from fire (right hand)
Wands
 m - a wand of quicksilver (5)
Scrolls
 b - a scroll of poison
 i - a scroll of acquirement {unknown}
Potions
 d - a potion of might


   Skills:
 + Level 3.0 Fighting
 + Level 1.5 Short Blades
 + Level 1.5 Long Blades
 + Level 1.5 Axes
 + Level 1.5 Maces & Flails
 + Level 1.5 Polearms
 + Level 1.5 Staves
 + Level 4.8 Ranged Weapons
 + Level 1.5 Throwing
 + Level 1.5 Armour
 + Level 4.8 Dodging
 + Level 1.5 Stealth
 + Level 1.5 Shields
 + Level 1.5 Unarmed Combat
 + Level 3.2 Spellcasting
 + Level 1.2 Conjurations
 + Level 5.5 Hexes
 + Level 1.2 Summonings
 + Level 1.2 Necromancy
 + Level 1.2 Translocations
 + Level 2.4 Fire Magic
 + Level 1.2 Ice Magic
 + Level 1.2 Air Magic
 + Level 1.2 Earth Magic
 + Level 1.2 Alchemy
 + Level 1.7 Invocations
 + Level 1.5 Evocations
 + Level 1.3 Shapeshifting


You had 8 spell levels left.
You knew the following spells:

 Your Spells              Type           Power      Damage    Failure   Level
a - Jinxbite              Hex            30%        N/A       1%          2

Your spell library contained the following spells:

 Spells                   Type           Power      Damage    Failure   Level
 Slow                     Hex            60%        N/A       1%          1
 Confusing Touch          Hex            15%        N/A       4%          3
 Sigil of Binding         Hex            15%        N/A       4%          3
 Inner Flame              Hex/Fire       11%        N/A       9%          3
 Cause Fear               Hex            7%         N/A       16%         4
 Vampiric Draining        Necr           4%         2d6       28%         3
 Dimensional Bullseye     Hex/Tloc       5%         N/A       36%         4


Dungeon Overview and Level Annotations

Branches:
Dungeon (3/15)

Altars:

Annotations:
D:3 Robin, Sigmund


Innate Abilities, Weirdness & Mutations

You have very sharp teeth.
Your uncanny sense of smell can sniff out nearby items.
Your experience applies equally to all skills.
Your mind is acute. (Int +4, Str/Dex -1)
Your system is resistant to poisons. (rPois)
Your spells are a little easier to cast, but a little less powerful.


Message History

You are confused.
Unknown command.
You are too confused!
Unknown command.
Unknown command.
It was a potion of might.
You feel very mighty all of a sudden.
You are too confused!
Sigmund casts a spell at you. The puff of flame hits you. You resist.
You are too confused!
Sigmund points at you and mumbles some strange words.
You are more confused.
It was a potion of mutation.
You feel extremely strange.
You feel clever.
Your connection to magic feels subdued.
You feel resistant to poisons. Sigmund gestures at you while chanting.
The magic dart hits you.
It was a potion of magic.
Magic courses through your body. Sigmund closely misses you.
It was a potion of attraction.
You feel attractive to monsters.
Sigmund gestures wildly while chanting.
Sigmund flickers and vanishes!
Deactivating autopickup; reactivate with Ctrl-A.
You hear a shout!
Something is attracted toward you.
Unknown command.
Unknown command.
You are too confused!
Something hits you.
You barely miss something.
The sprites lose interest in your situation.
Something hits you!
* * * LOW HITPOINT WARNING * * *
You're too confused to move!
Robin of the Strong Arm comes into view.
They are wielding a +0 whip.
Robin is attracted toward you. Something hits you!
You die...

##.........# #
######.##.## # #.##..## ##
#.###..## ###. . #### #.#
##..###... .. #..# #.#
##...#.## ...## ##..#
#.##...##....#
.....##...###..#...####..#
......#.#@.[##.#...####...
#<.g)###...............
#§#.)..##.......###.##. #
##)#..........# .. ##
#)####.......##.# )).
.....#####. ..#
##......∆.. ..## #######
##. .? #..(###


There were no monsters in sight!

Vanquished Creatures
  A bombardier beetle (D:3)
  An iguana (D:3)
  3 adders
  4 dart slugs
  An orc (D:2)
  11 ball pythons
  2 endoplasms (D:1)
  A giant cockroach (D:2)
  10 goblins
  6 hobgoblins
  3 jackals (D:2)
  3 kobolds
  3 quokkas
  5 bats
  2 frilled lizards (D:1)
  5 rats
61 creatures vanquished.

Notes
Turn   | Place    | Note
-------+----------+-------------------------------------------
     0 | D:1      | Gryn the Gnoll Hexslinger began the quest for the Orb.
     0 | D:1      | Reached XP level 1. HP: 17/17 MP: 4/4
    68 | D:1      | Reached XP level 2. HP: 23/23 MP: 5/5
   114 | D:1      | Learned a level 2 spell: Jinxbite
   299 | D:1      | Reached XP level 3. HP: 28/28 MP: 7/7
   585 | D:2      | Reached skill level 1 in Invocations
   700 | D:2      | Reached skill level 1 in Short Blades
   700 | D:2      | Reached skill level 1 in Long Blades
   700 | D:2      | Reached skill level 1 in Axes
   700 | D:2      | Reached skill level 1 in Maces & Flails
   700 | D:2      | Reached skill level 1 in Polearms
   700 | D:2      | Reached skill level 1 in Staves
   700 | D:2      | Reached skill level 1 in Throwing
   700 | D:2      | Reached skill level 1 in Armour
   700 | D:2      | Reached skill level 1 in Stealth
   700 | D:2      | Reached skill level 1 in Shields
   700 | D:2      | Reached skill level 1 in Unarmed Combat
   700 | D:2      | Reached skill level 1 in Evocations
  1009 | D:2      | Reached skill level 1 in Shapeshifting
  1009 | D:2      | Reached XP level 4. HP: 33/34 MP: 8/8
  1457 | D:3      | Found a faded altar of an unknown god.
  1482 | D:3      | Reached skill level 1 in Conjurations
  1482 | D:3      | Reached skill level 1 in Summonings
  1482 | D:3      | Reached skill level 1 in Necromancy
  1482 | D:3      | Reached skill level 1 in Translocations
  1482 | D:3      | Reached skill level 1 in Ice Magic
  1482 | D:3      | Reached skill level 1 in Air Magic
  1482 | D:3      | Reached skill level 1 in Earth Magic
  1482 | D:3      | Reached skill level 1 in Alchemy
  1531 | D:3      | Reached XP level 5. HP: 40/40 MP: 6/9
  1720 | D:3      | Noticed Sigmund
  1747 | D:3      | Gained mutation: Your mind is acute. (Int +4, Str/Dex -1)
                  | [potion of mutation]
  1747 | D:3      | Gained mutation: Your spells are a little easier to cast,
                  | but a little less powerful. [potion of mutation]
  1747 | D:3      | Gained mutation: Your system is resistant to poisons.
                  | (rPois) [potion of mutation]
  1752 | D:3      | Noticed Robin
  1753 | D:3      | Slain by Sigmund

Illustrated notes

Levels and vault maps discovered:
D:1:      minmay_arrival_jagged, layout_rooms, minmay_pentomino_o2
D:2:      layout_basic, st_stairs_9
D:3:      layout_rooms, ebering_ecumenical_altar_mist, st_stairs_7,
          uniq_sigmund, uniq_robin

Skill      XL: |  1  2  3  4  5 |
---------------+----------------+-----
Fire Magic     | 2 |  2.4
Invocations    | 1 |  1.7
Short Blades   | 1 |  1.5
Long Blades    | 1 |  1.5
Axes           | 1 |  1.5
Maces & Flails | 1 |  1.5
Polearms       | 1 |  1.5
Staves         | 1 |  1.5
Throwing       | 1 |  1.5
Armour         | 1 |  1.5
Stealth        | 1 |  1.5
Shields        | 1 |  1.5
Unarmed Combat | 1 |  1.5
Evocations     | 1 |  1.5
Shapeshifting  | 1 |  1.3
Spellcasting   | 3 |  3.2
Conjurations   | 1 |  1.2
Summonings     | 1 |  1.2
Necromancy     | 1 |  1.2
Translocations | 1 |  1.2
Ice Magic      | 1 |  1.2
Air Magic      | 1 |  1.2
Earth Magic    | 1 |  1.2
Alchemy        | 1 |  1.2
Fighting       | 3 |  3.0
Ranged Weapons | |  4.8
Dodging        | |  4.8
Hexes          | |  5.5

Action                     |  1- 3 |  4- 6 || total
---------------------------+-------+-------++-------
  Melee: Sling             |       |     1 ||     1
   Fire: Sling             |   103 |    87 ||   190
   Cast: Jinxbite          |     4 |     7 ||    11
  Evoke: Wand              |       |     3 ||     3
    Use: Potion            |       |     4 ||     4
         Scroll            |       |     1 ||     1
 Armour: Robe              |    10 |    26 ||    36
  Dodge: Dodged            |    24 |    24 ||    48

Table legend: (Time is in decaauts)
 A = Elapsed time spent in this place.
 B = Non-inter-level travel time spent in this place.
 C = Inter-level travel time spent in this place.
 D = Time resting spent in this place.
 E = Time spent auto-exploring this place.
 F = Levels seen in this place.
 G = Mean time per level.
                   A        B        C        D        E       F      G
               +--------+--------+--------+--------+--------+-----+--------+
         Total |   1783 |   1769 |     14 |      0 |   1401 |   3 |  594.3 |
       Dungeon |   1783 |   1769 |     14 |      0 |   1401 |   3 |  594.3 |
               +--------+--------+--------+--------+--------+-----+--------+

Top non-repeatable levels by time:
     D:2: 976 daAuts
     D:1: 500 daAuts
     D:3: 306 daAuts
